Map: Tourmaline LE

Players

RainbowJeZ - Winner!

  • Race: Protoss Protoss
  • League: Master
  • Spawn Location: 1:00

HoldTheDoor

  • Race: Protoss Protoss
  • League: Diamond
  • Spawn Location: 7:00

VOD

Have the link to the VOD?

Description

Time

  • Played on: May 12, 2026, 12:56 p.m.
  • Length: 10:27
Show
View Real Time Build Order
Export as new Build Order

RainbowJeZ Protoss - Winner!

Build Orders: Archon Immortal 

Get SALT Encoding   

  12  0:00  Probe  
  13  0:12  Probe  
  14  0:17  Pylon  
  14  0:24  Probe  
  15  0:36  Probe  
  15  0:38  Gateway  
  16  0:49  Probe  
  17  0:59  Assimilator  
  17  1:01  Probe  
  18  1:13  Probe  
  18  1:18  Pylon  
  19  1:28  Zealot  
  19  1:30  Cybernetics Core  
  21  1:34  Probe  
  22  1:50  Gateway  
  22  1:51  Gateway  
  22  1:54  Probe  
  23  1:56  Stalker  
  25  2:08  Warp Gate  
  25  2:13  Pylon  
  25  2:17  Probe  
  25  2:19  Stalker  
  28  2:39  Probe  
  29  2:45  Stalker  
  29  2:52  Nexus  
  29  2:56  Probe  
  32  3:02  Assimilator  
  32  3:08  Probe  
  33  3:27  Probe  
  33  3:30  Pylon  
  34  3:39  Probe  
  34  3:40  Robotics Facility  
  35  3:49  Shield Battery  
  35  3:51  Shield Battery, Probe  
  36  4:02  Probe  
  36  4:05  Stalker  
  36  4:06  Probe, Sentry  
  36  4:07  Stalker  
  44  4:10  Probe  
  44  4:16  Probe  
  45  4:20  Probe  
  47  4:24  Probe  
  47  4:28  Probe  
  47  4:29  Observer  
  49  4:32  Probe  
  49  4:37  Stalker  
  49  4:38  Probe  
  53  4:41  Probe  
  55  4:48  Probe  
  57  4:54  Immortal  
  57  4:56  Probe  
  61  5:02  Probe  
  62  5:11  Pylon  
  62  5:12  Pylon  
  62  5:21  Gateway  
  62  5:25  Gateway  
  62  5:27  Immortal  
  62  5:29  Probe  
  62  5:32  Probe  
  64  5:41  Assimilator  
  68  5:43  Assimilator  
  68  5:45  Gateway  
  68  5:46  Gateway  
  68  5:55  Probe x2  
  70  6:03  Immortal  
  73  6:16  Probe x2  
  75  6:45  Probe  
  76  6:51  Nexus  
  76  6:52  Pylon  
  76  6:54  Pylon  
  76  6:55  Pylon  
  76  7:00  Twilight Council  
  76  7:03  Forge  
  76  7:06  Protoss Ground Weapons Level 1  
  76  7:07  Probe x2  
  78  7:10  Immortal  
  82  7:16  Pylon  
  82  7:17  Charge  
  82  7:19  Shield Battery, Probe  
  82  7:20  Probe  
  82  7:21  Shield Battery  
  84  7:33  Probe x2  
  86  7:45  Probe x2, Zealot x4, Phoenix  
  86  7:46  Zealot x3  
  102  7:56  Gateway, Immortal  
  102  7:57  Probe x2  
  108  7:59  Gateway  
  108  8:09  Probe  
  109  8:13  Templar Archives  
  109  8:14  Probe  
  109  8:16  Probe  
  109  8:19  Zealot x3  
  117  8:20  Zealot x4  
  125  8:27  Assimilator  
  125  8:31  Assimilator  
  125  8:46  Pylon  
  125  8:47  Pylon  
  125  8:52  Gateway  
  125  8:55  Gateway  
  125  8:57  Pylon  
  125  9:00  Gateway, Pylon  
  125  9:02  Gateway  
  125  9:04  Warp Prism, Probe x3  
  130  9:18  High Templar x2  
  130  9:20  High Templar x2  
  130  9:23  High Templar  
  130  9:24  High Templar  
  142  9:25  High Templar  
  142  9:26  High Templar, Nexus  
  142  9:29  Pylon  
  146  9:31  Archon x2  
  146  9:32  Archon x2  
  146  9:48  High Templar  
  146  9:49  High Templar  
  146  9:51  High Templar  
  146  9:52  High Templar x2  
  154  9:54  High Templar  
  154  9:55  Zealot  
  154  9:56  Zealot x2  
  154  9:58  Archon x3  
  142  10:08  Zealot x4  
  125  10:21  Zealot  
  125  10:22  Zealot x4  
Show
View Real Time Build Order
Export as new Build Order

HoldTheDoor Protoss 

Build Orders: Archon Immortal 

Get SALT Encoding   

  12  0:00  Probe  
  13  0:12  Probe  
  14  0:19  Pylon  
  14  0:24  Probe  
  15  0:33  Probe  
  15  0:39  Gateway  
  15  0:41  Probe  
  17  0:50  Assimilator  
  17  0:54  Probe  
  18  0:58  Assimilator  
  18  1:04  Assimilator  
  18  1:06  Probe  
  19  1:18  Probe  
  19  1:20  Gateway  
  20  1:30  Cybernetics Core  
  20  1:36  Probe  
  21  1:48  Pylon  
  21  1:55  Pylon  
  21  1:56  Probe  
  22  2:04  Stalker  
  22  2:07  Stalker  
  24  2:13  Warp Gate  
  26  2:16  Probe  
  27  2:29  Probe  
  27  2:40  Robotics Facility  
  27  2:42  Pylon  
  27  2:47  Sentry  
  29  2:51  Stalker  
  31  3:00  Probe  
  31  3:02  Pylon  
  32  3:07  Stalker  
  34  3:35  Nexus  
  34  3:47  Observer  
  35  3:52  Pylon  
  35  3:53  Probe  
  36  4:04  Twilight Council  
  36  4:07  Zealot x2  
  40  4:22  Immortal  
  44  4:24  Probe  
  45  4:36  Probe  
  45  4:37  Charge, Zealot  
  48  4:41  Sentry  
  50  4:49  Probe  
  50  4:51  Probe  
  52  5:01  Probe  
  52  5:03  Probe  
  54  5:13  Probe, Zealot x2  
  59  5:15  Probe  
  60  5:25  Probe  
  60  5:27  Probe  
  62  5:33  Assimilator  
  62  5:36  Stalker  
  62  5:37  Stalker, Probe  
  67  5:43  Gateway  
  67  5:47  Gateway  
  66  6:06  Observer  
  66  6:08  Probe  
  68  6:11  Zealot  
  68  6:18  Pylon  
  70  6:21  Pylon  
  70  6:22  Templar Archives  
  70  6:26  Gateway  
  70  6:27  Gateway  
  70  6:31  Pylon  
  70  6:36  Probe, Immortal  
  70  6:38  Sentry  
  70  6:39  Zealot  
  79  6:43  Zealot  
  79  6:46  Zealot  
  83  6:54  Probe  
  83  6:57  Probe  
  85  7:02  High Templar  
  85  7:04  High Templar  
  85  7:06  Probe  
  85  7:08  Zealot x2  
  92  7:10  Archon  
  92  7:14  Assimilator  
  94  7:22  Pylon  
  94  7:31  Nexus  
  94  7:34  Pylon  
  94  7:42  Pylon  
  94  7:44  Pylon  
  94  7:47  Immortal  
  94  7:50  Probe  
  99  7:53  Zealot x2  
  99  7:57  High Templar x2  
  107  8:01  Archon  
  107  8:05  Forge  
  107  8:07  Pylon  
  107  8:08  Probe  
  108  8:15  Zealot  
  108  8:16  Zealot  
  108  8:17  Zealot  
  114  8:20  Zealot  
  114  8:23  Probe  
  114  8:24  Probe  
  118  8:43  Assimilator  
  118  8:46  High Templar x3  
  124  8:49  Zealot x3  
  130  8:58  Archon  
  130  9:10  High Templar  
  130  9:11  Zealot x2  
  130  9:13  Immortal  
  140  9:21  Probe x3  
  143  9:36  Zealot  
  143  9:37  Zealot x2  
  149  9:43  Pylon  
  149  9:48  Pylon  
  149  9:51  Pylon  
  149  9:53  Pylon  
  149  9:56  Pylon  
  149  9:59  Pylon  
  149  10:01  Pylon  
  149  10:03  Gateway x2  
  101  10:17  Zealot x6  
Tags
 
Add a new tag
Caveats
  • Supply blocks, unpowered buildings, or Contaminate may cause inaccurate times.
  • Supply counts are checked every 10 seconds.